Map: Blackburn LE

Players

ViBE - Winner!

  • Race: Zerg Zerg
  • League: Diamond

Nevik

  • Race: Zerg Zerg
  • League: Diamond

VOD

Have the link to the VOD?

Description

Time

  • Played on: April 11, 2021, 2:40 a.m.
  • Length: 17:02
Show
View Real Time Build Order
Export as new Build Order

ViBE Zerg - Winner!

Build Orders: Hatch First, Roach Nydus 

Get SALT Encoding   

  12  0:00  Drone  
  13  0:13  Overlord  
  13  0:17  Drone  
  14  0:32  Drone x2  
  16  0:50  Hatchery  
  16  0:54  Drone  
  16  1:01  Drone x2  
  18  1:19  Drone, Spawning Pool  
  18  1:20  Drone  
  19  1:32  Drone  
  20  1:36  Extractor  
  19  1:41  Drone  
  20  1:51  Overlord  
  20  2:05  Drone x2, Queen  
  20  2:06  Queen  
  26  2:13  Drone  
  26  2:14  Drone  
  28  2:24  Drone  
  28  2:25  Drone  
  30  2:35  Drone x2  
  32  2:44  Overlord  
  32  2:49  Drone  
  33  2:51  Queen  
  33  2:52  Lair  
  33  2:57  Overlord  
  35  3:08  Drone  
  35  3:09  Drone x2  
  38  3:19  Overlord  
  38  3:24  Drone x7  
  45  3:30  Roach Warren  
  45  3:31  Evolution Chamber  
  43  3:36  Extractor x2, Drone x2  
  43  3:42  Evolution Chamber  
  43  3:43  Drone  
  44  4:02  Drone  
  44  4:03  Drone x3  
  44  4:04  Drone  
  44  4:07  Nydus Network  
  47  4:12  Roach x4  
  47  4:13  Queen  
  47  4:14  Queen  
  47  4:15  Overlord  
  59  4:22  Overlord  
  59  4:28  Overlord  
  59  4:34  Roach  
  61  4:41  Roach x6  
  73  4:46  Nydus Canal  
  73  4:57  Overlord x3  
  73  5:04  Nydus Canal  
  75  5:07  Roach  
  73  5:19  Nydus Canal  
  75  5:21  Roach x7  
  75  5:27  Queen x2  
  85  5:34  Nydus Canal  
  79  5:46  Roach x5  
  89  5:57  Nydus Canal  
  89  6:04  Roach x3  
  83  6:25  Nydus Canal  
  83  6:26  Queen x2, Roach x4  
  91  6:42  Nydus Canal  
  91  6:52  Roach x2  
  91  6:53  Roach x3  
  95  7:01  Nydus Canal  
  73  7:09  Roach  
  73  7:10  Roach x2  
  77  7:26  Nydus Canal  
  77  7:28  Roach  
  77  7:29  Roach x3  
  79  7:34  Roach  
  79  7:35  Roach  
  71  7:42  Roach  
  71  7:43  Roach  
  71  7:44  Roach  
  71  7:46  Hatchery  
  68  7:53  Queen  
  68  7:54  Extractor, Queen  
  68  7:56  Glial Reconstitution  
  67  8:07  Drone  
  67  8:08  Drone x2  
  67  8:09  Overlord  
  67  8:10  Overlord  
  70  8:16  Roach x3  
  76  8:22  Roach x2  
  80  8:35  Roach x2  
  82  8:41  Roach  
  82  8:42  Roach  
  86  9:00  Drone x2  
  88  9:02  Hatchery  
  88  9:07  Overlord x2  
  88  9:08  Queen  
  89  9:15  Hatchery  
  88  9:26  Roach  
  88  9:27  Roach x5  
  105  9:31  Ravager x7  
  108  9:38  Roach  
  108  9:39  Roach x2  
  113  9:50  Roach x2  
  113  9:51  Roach x3  
  123  9:54  Roach Warren  
  123  9:57  Drone  
  123  10:04  Zerg Missile Weapons Level 1, Overlord  
  123  10:05  Overlord x2  
  123  10:17  Hatchery  
  122  10:33  Overlord  
  122  10:35  Roach x6  
  134  10:36  Roach x2  
  134  10:38  Ravager x3  
  139  11:00  Drone x10  
  149  11:11  Zerg Ground Armor Level 1  
  149  11:16  Roach x4  
  157  11:19  Overlord  
  157  11:32  Extractor  
  157  11:33  Drone  
  157  11:34  Extractor, Overseer  
  156  11:42  Overseer x2  
  156  11:49  Overlord x4  
  156  11:56  Drone  
  156  11:57  Hydralisk Den  
  156  11:58  Roach x5  
  166  12:02  Ravager x2  
  147  12:27  Drone x4  
  147  12:28  Drone x9  
  160  12:30  Ravager x2  
  160  12:31  Ravager  
  163  12:40  Ravager x3  
  163  12:41  Ravager x2  
  168  12:49  Queen  
  170  12:52  Extractor x2  
  170  12:53  Drone  
  170  12:54  Drone x3  
  169  13:18  Roach x14  
  165  13:32  Roach  
  165  13:33  Roach x6  
  147  13:45  Roach  
  147  13:46  Roach x6  
  117  13:55  Roach  
  117  13:56  Roach x5  
  115  14:09  Drone  
  116  14:10  Zerg Ground Armor Level 2, Zerg Missile Weapons Level 2  
  116  14:13  Roach x4  
  124  14:20  Ravager  
  124  14:22  Ravager  
  126  14:28  Drone x2  
  126  14:29  Drone x7  
  126  14:40  Lurker Den  
  126  14:44  Drone x2  
  127  14:47  Drone x6  
  127  14:51  Drone  
  134  14:53  Drone x2  
  134  14:57  Ravager x3  
  139  15:04  Roach x2  
  139  15:05  Roach  
  139  15:13  Queen  
  141  15:29  Roach x6  
  141  15:35  Lair  
  153  15:44  Hatchery  
  150  16:10  Hydralisk x7  
  140  16:36  Drone x5  
  140  16:37  Drone x4  
Show
View Real Time Build Order
Export as new Build Order

Nevik Zerg 

Build Orders: Hatch First, Lurkers 

Get SALT Encoding   

  12  0:02  Drone  
  13  0:12  Overlord  
  13  0:17  Drone  
  14  0:32  Drone x2  
  16  0:38  Drone  
  17  0:45  Drone  
  18  1:01  Hatchery  
  17  1:05  Drone  
  18  1:15  Spawning Pool  
  17  1:21  Extractor  
  16  1:33  Drone  
  17  1:44  Drone  
  18  1:53  Drone  
  19  2:01  Queen  
  19  2:02  Drone  
  22  2:13  Queen  
  22  2:14  Zergling x2, Overlord  
  22  2:15  Drone  
  26  2:20  Drone  
  27  2:24  Drone  
  28  2:37  Drone  
  28  2:38  Drone, Metabolic Boost  
  28  2:40  Drone  
  31  2:47  Drone  
  31  2:48  Drone, Queen  
  35  2:56  Overlord  
  35  3:01  Drone  
  36  3:10  Overlord  
  35  3:15  Drone x3  
  35  3:16  Evolution Chamber  
  35  3:18  Drone  
  38  3:23  Drone x4  
  42  3:32  Roach Warren  
  41  3:34  Drone x2  
  43  3:43  Overlord  
  43  3:45  Zerg Ground Armor Level 1, Zergling x2  
  43  3:46  Zergling x4  
  46  3:52  Overlord  
  46  4:00  Extractor  
  45  4:03  Hatchery  
  45  4:05  Zergling x6  
  47  4:10  Drone x3  
  50  4:29  Drone x3  
  50  4:30  Drone  
  54  4:32  Extractor  
  54  4:37  Overlord  
  53  4:49  Overlord, Roach x4  
  53  4:50  Overlord  
  53  4:51  Roach x2  
  65  4:59  Roach x4  
  73  5:01  Roach  
  72  5:10  Roach  
  72  5:13  Roach  
  73  5:16  Roach  
  73  5:21  Roach  
  73  5:22  Roach  
  73  5:27  Zergling x2, Roach  
  73  5:28  Zergling x2, Roach  
  79  5:29  Zergling x2  
  79  5:32  Zergling x4  
  79  5:33  Roach  
  84  5:38  Queen  
  84  5:39  Queen  
  84  5:40  Zergling x2  
  87  5:53  Roach  
  87  5:54  Overlord, Roach x2  
  93  6:01  Zergling x2  
  93  6:02  Roach  
  93  6:04  Zergling x2, Roach  
  95  6:05  Zergling x2  
  95  6:09  Zergling x2, Roach  
  95  6:10  Overlord  
  98  6:17  Zergling x2, Roach  
  98  6:18  Roach Warren  
  98  6:20  Zergling x2  
  98  6:24  Zergling x2, Roach  
  95  6:25  Zergling x2  
  95  6:26  Roach  
  95  6:29  Roach  
  97  6:34  Zergling x2, Roach  
  92  6:41  Roach  
  92  6:44  Zergling x2  
  92  6:45  Zergling x2  
  94  6:50  Zerg Missile Weapons Level 1  
  94  6:52  Zergling x2, Roach  
  95  6:54  Extractor  
  95  6:58  Zergling x2  
  95  6:59  Roach x3  
  91  7:01  Zergling x2  
  91  7:08  Roach  
  91  7:11  Zergling x2  
  91  7:13  Zergling x2  
  91  7:18  Lair  
  88  7:26  Roach x4  
  88  7:27  Zergling x2, Roach  
  91  7:30  Zergling x2  
  91  7:34  Zergling x2  
  87  7:37  Roach  
  87  7:42  Zergling x2  
  85  7:45  Ravager x3  
  85  7:46  Zergling x2  
  85  7:47  Roach x2  
  85  7:48  Overlord  
  88  7:59  Zergling x2, Roach x3  
  95  8:12  Zergling x2  
  98  8:13  Roach x3  
  98  8:16  Drone x2  
  104  8:20  Overlord  
  104  8:24  Glial Reconstitution  
  104  8:28  Roach  
  101  8:35  Roach x2  
  103  8:41  Overlord  
  103  8:43  Roach  
  103  8:46  Overlord  
  105  8:50  Zergling x2, Roach  
  108  8:57  Drone  
  109  9:03  Ravager x4  
  109  9:06  Zerg Missile Weapons Level 2  
  109  9:08  Extractor  
  109  9:09  Overseer  
  112  9:10  Drone, Evolution Chamber  
  112  9:25  Drone x6  
  112  9:26  Drone  
  112  9:30  Hydralisk Den  
  118  9:35  Drone x3  
  121  9:41  Zergling x2  
  121  9:42  Roach  
  121  9:45  Zergling x2, Roach  
  127  9:47  Zergling x2  
  127  9:48  Roach  
  127  9:51  Zergling x2  
  127  9:52  Zergling x2  
  129  9:56  Overlord  
  129  9:57  Drone  
  129  9:58  Drone  
  130  10:05  Zerg Ground Armor Level 2  
  130  10:08  Extractor  
  130  10:10  Grooved Spines  
  130  10:11  Zergling x2  
  130  10:14  Overseer  
  130  10:15  Zergling x2  
  130  10:16  Roach  
  130  10:18  Hydralisk  
  135  10:25  Drone x4  
  139  10:29  Hydralisk  
  139  10:30  Roach  
  143  10:40  Hydralisk  
  143  10:41  Roach  
  144  10:43  Zergling x2, Roach  
  145  10:57  Overseer  
  145  10:59  Overlord  
  145  11:01  Lurker Den  
  144  11:07  Hydralisk  
  144  11:08  Roach  
  144  11:11  Overlord x2  
  146  11:18  Hatchery  
  146  11:19  Hydralisk x3, Zergling x2  
  146  11:20  Roach  
  154  11:28  Hydralisk  
  154  11:29  Hydralisk, Roach  
  154  11:30  Roach  
  162  11:35  Hydralisk  
  162  11:36  Roach  
  162  11:39  Roach  
  167  11:42  Roach  
  167  11:46  Overlord  
  167  11:47  Overlord  
  167  11:48  Roach  
  167  11:51  Overlord  
  167  11:54  Pneumatized Carapace  
  169  11:55  Drone  
  170  12:05  Overlord x2  
  169  12:08  Hydralisk  
  169  12:09  Roach  
  169  12:12  Hydralisk  
  169  12:13  Roach  
  167  12:15  Roach  
  167  12:16  Roach  
  167  12:19  Zergling x2, Roach  
  167  12:22  Roach  
  168  12:24  Zergling x2  
  168  12:26  Roach  
  168  12:27  Lurker  
  168  12:29  Lurker  
  173  12:33  Zerg Melee Weapons Level 1  
  173  12:36  Drone x3  
  176  12:39  Lurker x2  
  176  12:42  Drone x2  
  180  12:48  Zergling x2  
  180  12:49  Roach  
  183  12:56  Hydralisk, Zergling x2, Roach  
  186  13:00  Hydralisk  
  186  13:01  Zergling x2  
  186  13:03  Zergling x2, Infestation Pit  
  186  13:06  Roach  
  186  13:08  Zergling x2, Roach  
  186  13:10  Zergling x2  
  188  13:14  Hydralisk  
  188  13:15  Zergling x2  
  188  13:16  Zergling x2  
  188  13:18  Zergling x4  
  188  13:19  Zergling x2  
  168  13:22  Hydralisk  
  168  13:24  Zergling x2  
  168  13:25  Roach  
  161  13:32  Hydralisk, Zergling x2, Roach  
  161  13:33  Zergling x2  
  160  13:35  Zergling x2  
  160  13:37  Zergling x2  
  160  13:38  Roach  
  160  13:39  Zergling x2  
  160  13:40  Zergling x2  
  156  13:44  Zergling x2  
  156  13:45  Zergling x2, Roach  
  156  13:46  Zergling x2  
  156  13:48  Zergling x2  
  133  13:49  Zergling x2  
  133  13:50  Zergling x2  
  133  13:51  Zergling x2  
  133  13:54  Zergling x2  
  133  13:55  Roach  
  126  13:56  Zergling x2  
  126  13:57  Zergling x2  
  126  13:59  Zergling x2  
  126  14:02  Zergling x2, Roach  
  109  14:04  Drone  
  109  14:06  Drone x2  
  109  14:09  Extractor x2  
  105  14:10  Drone x2  
  106  14:18  Spire  
  105  14:27  Hive  
  105  14:28  Hydralisk, Zergling x2  
  105  14:29  Roach  
  110  14:32  Zergling x2, Roach  
  110  14:37  Drone x4  
  106  14:42  Lurker x3  
  106  14:45  Hydralisk, Zergling x2  
  112  14:48  Drone x2  
  112  14:50  Zergling x2  
  112  14:52  Zergling x2  
  116  14:54  Zergling x2, Roach  
  116  14:59  Hydralisk, Zergling x2  
  124  15:00  Roach  
  124  15:02  Zergling x2  
  124  15:03  Roach  
  124  15:06  Zergling x2  
  130  15:07  Roach  
  130  15:09  Roach  
  130  15:11  Zergling x2  
  130  15:12  Roach  
  132  15:14  Zergling x2  
  132  15:15  Roach  
  132  15:16  Zergling x2  
  132  15:18  Roach  
  132  15:20  Roach  
  124  15:22  Roach  
  124  15:25  Zergling x2  
  124  15:26  Zergling x2, Roach  
  124  15:28  Zergling x2  
  116  15:33  Drone x4  
  116  15:34  Drone  
  120  15:39  Mutalisk x2  
  120  15:40  Mutalisk  
  120  15:42  Mutalisk  
  126  15:53  Mutalisk x4  
  126  15:56  Mutalisk  
  132  15:59  Mutalisk  
  132  16:00  Mutalisk  
  132  16:03  Mutalisk  
  127  16:05  Mutalisk  
  127  16:08  Roach  
  127  16:09  Mutalisk  
  123  16:12  Roach  
  123  16:13  Mutalisk  
  100  16:32  Mutalisk x5  
  88  16:35  Mutalisk  
Tags
 
Composition
Lurkers
Matchup
ZvZ
Player
ViBE
Race
Zerg
Replay Pack
Diamond_Zerg
Strategy
Roach Nydus
Add a new tag
Caveats
  • Supply blocks, unpowered buildings, or Contaminate may cause inaccurate times.
  • Supply counts are checked every 10 seconds.